 Dungeon Crawl Stone Soup version 0.29-a0-998-g1987434951 (webtiles) character file.

Game seed: 8871826043217865077

206 porpoise the Trooper (level 6, 0/48 HPs)
             Began as a Djinni Air Elementalist on Aug 6, 2022.
             Slain by Blork the orc
             ... wielding a +0 war axe of draining
              (12 damage)
             ... on level 4 of the Dungeon.
             The game lasted 00:15:31 (4518 turns).

porpoise the Trooper (Djinni Air Elementalist)      Turns: 4518, Time: 00:15:32

Health: 0/48       AC:  2    Str:  7    XL:     6   Next: 10%
Gold:   130        EV: 12    Int: 19    God:
                   SH:  0    Dex: 13

rFire   + + .      SeeInvis .   a - +0 short sword
rCold   x . .      Faith    .   (no shield)
rNeg    . . .      Spirit   .   g - +0 robe
rPois   ∞          Reflect  .   (no helmet)
rElec   .          Harm     .   (no cloak)
rCorr   .          Rampage  .   (no gloves)
Will    .....                   (boots unavailable)
Stlth   ++........              (no amulet)
HPRegen 0.16/turn               (no ring)
MPRegen 0.00/turn               (no ring)

@: flying, very slightly contaminated
A: sickness immunity, fire resistance 2, cold vulnerability 1, float, innate
caster, HP casting, extra vitality 1
a: no special abilities


You were on level 4 of the Dungeon.
You visited 1 branch of the dungeon, and saw 4 of its levels.

You collected 130 gold pieces.

Inventory:

Hand Weapons
 a - a +0 short sword (weapon)
 b - a +0 sling
Missiles
 s - 5 poisoned darts
Armour
 g - a +0 robe (worn)
Magical Staves
 e - a staff of earth
 h - a staff of cold
Jewellery
 l - the ring "Ibleofon" {Will+ AC+4 Str+3}
   (You found it on level 2 of the Dungeon)

   [ring of protection]

   AC:        It affects your AC (+4).
   Str:       It affects your strength (+3).
   Will:      It increases your willpower.
Scrolls
 c - a scroll of immolation {unknown}
 f - a scroll of noise
 j - a scroll of enchant armour {unknown}
 o - a scroll of summoning {unknown}
 r - a scroll of teleportation {unknown}
Potions
 d - 2 potions of cancellation
 i - a potion of might {unknown}
 k - 4 potions of curing {unknown}
 m - a potion of resistance {unknown}
 n - a potion of magic {unknown}
 t - a potion of haste {unknown}


   Skills:
 + Level 4.3 Fighting
 - Level 2.1 Dodging
 - Level 1.5 Stealth
 + Level 3.4 Spellcasting


You couldn't memorise any spells.
You knew the following spells:

 Your Spells              Type           Power      Damage    Failure   Level
a - Shock                 Conj/Air       64%        1d7       3%          1
b - Static Discharge      Conj/Air       16%        3-5/arc   5%          2
c - Swiftness             Air            16%        N/A       11%         3
d - Airstrike             Air            8%         2d(2-18)  34%         4
e - Necrotise             Necr           64%        1d7       3%          1
f - Ensorcelled Hibernat  Hex/Ice        32%        N/A       5%          2
Your spell library was empty.

Dungeon Overview and Level Annotations

Branches:
Dungeon (4/15)
 Temple: D:4-7

Altars:
Ashenzari

Shops:
D:1 *

Annotations:
D:4 Blork the orc


Innate Abilities, Weirdness & Mutations

You are immune to sickness and miasma.
You are immune to poison.
Your flesh is very heat resistant. (rF++)
You are vulnerable to cold. (rC-)
You float through the air rather than walking.
You learn spells naturally, not from books.
Your magical power is your life essence.
You have superior vitality. (+4 MHP)


Message History

You hit Blork the orc.
Blork the orc is lightly wounded.
Blork the orc hits you with a +0 war axe of draining.
You barely miss Blork the orc.
Blork the orc is lightly wounded.
Blork the orc hits you with a +0 war axe of draining!
Casting: Ensorcelled Hibernation (safe; 5% risk of failure)
Confirm with . or Enter, or press ? or * to list all spells.
You miscast Static Discharge.
You are very lightly contaminated with residual magic.
Nothing appears to happen.
Blork the orc barely misses you.
Unknown command.
Casting: Static Discharge (safe; 5% risk of failure)
Confirm with . or Enter, or press ? or * to list all spells.
Blork the orc is struck by an arc of lightning.
Blork the orc is moderately wounded.
You are struck by an arc of lightning.
The lightning grounds out.
Blork the orc barely misses you.
Casting: Static Discharge (safe; 5% risk of failure)
Confirm with . or Enter, or press ? or * to list all spells.
Blork the orc is struck by an arc of lightning.
Blork the orc is heavily wounded.
You are struck by an arc of lightning.
The lightning grounds out.
Blork the orc barely misses you.
Casting: Static Discharge (safe; 5% risk of failure)
Confirm with . or Enter, or press ? or * to list all spells.
Blork the orc is struck by an arc of lightning.
Blork the orc is severely wounded.
You are struck by an arc of lightning.
The lightning grounds out.
Blork the orc hits you with a +0 war axe of draining.
Casting: Static Discharge (safe; 5% risk of failure)
Confirm with . or Enter, or press ? or * to list all spells.
Blork the orc is struck by an arc of lightning.
Blork the orc is severely wounded.
You are struck by an arc of lightning.
* * * LOW HITPOINT WARNING * * *
The lightning grounds out.
* * * LOW HITPOINT WARNING * * *
Blork the orc hits you with a +0 war axe of draining!
You die...

..#..###..B.
.......... #. .
............. ..
####......#.....
...#.........#.....
#$....#...........
#................
#..o..[........#
#...@........#
...........<..###
......#....(....#
##....##...###.##
..... #..... .#
.#... #...... # ##.
..##.... #. ...#
#... ....


You could see Blork the orc.

Vanquished Creatures
  Natasha (thrice) (D:2)
  3 gnolls (D:3)
  3 adders
  2 worms (D:2)
  3 dart slugs
  2 orcs (D:3)
  7 endoplasms
  A giant cockroach (D:1)
  5 goblins
  5 hobgoblins
  5 jackals
  4 kobolds
  4 quokkas
  4 ball pythons
  4 bats
  7 rats
62 creatures vanquished.

Notes
Turn   | Place    | Note
-------+----------+-------------------------------------------
     0 | D:1      | porpoise the Djinni Air Elementalist began the quest for
                  | the Orb.
     0 | D:1      | porpoise set off with the following spells memorised:
                  | Shock, Static Discharge, Swiftness, Airstrike.
     0 | D:1      | Reached XP level 1. HP: 15/15 MP: 0/0
   307 | D:1      | Reached skill level 1 in Fighting
   307 | D:1      | Reached XP level 2. HP: 19/22 MP: 0/0
   942 | D:1      | Found Soenoug's General Store.
  1296 | D:1      | Found a faded altar of an unknown god.
  1436 | D:2      | Reached XP level 3. HP: 27/28 MP: 0/0
  1436 | D:2      | Learned a level 1 spell: Necrotise
  1518 | D:2      | Reached skill level 2 in Fighting
  1697 | D:2      | Found a broken altar of Ashenzari.
  1817 | D:2      | Identified the ring "Ibleofon" {Will+ AC+4 Str+3}
  2045 | D:2      | Reached XP level 4. HP: 21/34 MP: 0/0
  2379 | D:2      | Noticed Natasha
  2385 | D:2      | Killed Natasha
  2386 | D:2      | Reached skill level 3 in Fighting
  2891 | D:2      | Noticed Natasha
  2899 | D:2      | Killed Natasha
  2900 | D:2      | Reached XP level 5. HP: 14/40 MP: 0/0
  2900 | D:2      | Learned a level 2 spell: Ensorcelled Hibernation
  2914 | D:2      | Noticed Natasha
  3184 | D:2      | Killed Natasha
  3475 | D:3      | Reached skill level 4 in Fighting
  3957 | D:3      | Reached XP level 6. HP: 45/47 MP: 0/0
  4480 | D:4      | Noticed Blork the orc
  4518 | D:4      | Slain by Blork the orc

Illustrated notes

Levels and vault maps discovered:
D:1:      dpeg_arrival_castle, layout_basic, serial_shops, nicolae_shop_trees,
          chequers_ecumenical_altar_grove, hangedman_decor_push
D:2:      minmay_chambers_of_ones, layout_basic, basic_altar, uniq_natasha
D:3:      layout_basic, amcnicky_mini_corridor_feature, minmay_diced_spiral
D:4:      layout_cave_pools, serial_bayou_pond_e, uniq_pikel, uniq_blork_the_orc

Skill      XL: |  1  2  3  4  5 |
---------------+----------------+-----
Fighting       | 1 2 3 4 |  4.3
Spellcasting   | 3 |  3.4
Dodging        | |  2.1
Stealth        | |  1.5

Action                   |  1- 3 |  4- 6 || total
-------------------------+-------+-------++-------
Melee: Short sword       |       |     2 ||     2
 Fire: Sling             |    12 |     8 ||    20
 Cast: Shock             |    51 |    57 ||   108
       Static Discharge  |     3 |    11 ||    14
       Necrotise         |     6 |       ||     6
       Ensorcelled Hiber |       |     3 ||     3
  Use: Scroll            |       |     3 ||     3
 Stab: Sleeping          |       |     1 ||     1
Armor: Robe              |     3 |     3 ||     6
Dodge: Dodged            |    16 |    14 ||    30

Table legend: (Time is in decaauts)
 A = Elapsed time spent in this place.
 B = Non-inter-level travel time spent in this place.
 C = Inter-level travel time spent in this place.
 D = Time resting spent in this place.
 E = Time spent auto-exploring this place.
 F = Levels seen in this place.
 G = Mean time per level.
                   A        B        C        D        E       F      G
               +--------+--------+--------+--------+--------+-----+--------+
         Total |   4525 |   4464 |     61 |   2148 |   1874 |   4 | 1131.2 |
       Dungeon |   4525 |   4464 |     61 |   2148 |   1874 |   4 | 1131.2 |
               +--------+--------+--------+--------+--------+-----+--------+

Top non-repeatable levels by time:
     D:1: 1665 daAuts
     D:2: 1592 daAuts
     D:3: 1240 daAuts
     D:4: 26 daAuts
